[Event "Titled Tuesday Blitz July 05 Early 2022"]
[White "Filgueira, Hernan"]
[Black "Maghsoodloo, Parham"]
[WhiteFideId "101770"]
[BlackFideId "12539929"]
[WhiteElo "2363"]
[BlackElo "2607"]
[Result "0-1"]
[Round "02"]
[TimeControl "180+1"]
[Date "2022.07.05"]
[WhiteClock "0:00:09"]
[BlackClock "0:01:01"]

1. e4 c5 2. Nf3 Nc6 3. Bb5 Qb6 4. Nc3 e6 5. O-O Nge7 6. Re1 a6 7. Bf1 Ng6 8. a3 Bd6 9. g3 Qc7 10. Bg2 b5 11. d3 Bb7 12. h4 Rc8 13. h5 Nge5 14. Nh2 Nd4 15. h6 g6 16. Be3 O-O 17. f4 Nec6 18. Ng4 f5 19. Nf2 b4 20. Ne2 Nxe2+ 21. Rxe2 Nd4 22. Rd2 Nb5 23. a4 Nd4 24. c3 Nc6 25. e5 Be7 26. d4 bxc3 27. bxc3 cxd4 28. cxd4 Nb4 29. Bxb7 Qxb7 30. Rb1 Qc6 31. Re2 Nd5 32. Bd2 Qc4 33. Be1 Bb4 34. Bxb4 Nxb4 35. Reb2 a5 36. d5 Nxd5 37. Rb7 Rc7 38. Rb8 Rcc8 39. R8b7 Qc6 40. Qb3 Nc3 41. Re1 Qf3 0-1


[Site "https://www.chess.com"]

[Event "Titled Tuesday Blitz July 05 Early 2022"]
[White "Guzman, Christopher"]
[Black "Hansen, Eric"]
[WhiteFideId "6405096"]
[BlackFideId "2606771"]
[WhiteElo "2244"]
[BlackElo "2568"]
[Result "0-1"]
[Round "02"]
[TimeControl "180+1"]
[Date "2022.07.05"]
[WhiteClock "0:00:29"]
[BlackClock "0:01:29"]

1. e4 c5 2. Nf3 e6 3. d4 cxd4 4. Nxd4 Nc6 5. Nc3 a6 6. g3 Qc7 7. Bg2 d6 8. O-O Be7 9. a4 Bd7 10. h3 Nf6 11. Nb3 Rb8 12. a5 O-O 13. Be3 Ne5 14. Bb6 Qc8 15. Nd2 Bc6 16. Re1 Re8 17. f4 Ned7 18. Bf2 Qc7 19. Ba7 Rbd8 20. Bf2 Bf8 21. Qe2 h6 22. Nc4 d5 23. Nb6 dxe4 24. Nxe4 Nxe4 25. Bxe4 Bxe4 26. Qxe4 Nf6 27. Qe2 Bc5 28. Rad1 Bxf2+ 29. Qxf2 Rxd1 30. Rxd1 Ne4 31. Qe3 Qxc2 32. Rd7 Qb1+ 33. Kg2 Qxb2+ 34. Kf3 f5 35. g4 Qh2 36. gxf5 exf5 37. Qb3+ Kh8 38. Qf7 Qf2# 0-1


[Site "https://www.chess.com"]

[Event "Titled Tuesday Blitz July 05 Early 2022"]
[White "Hakobyan, Aram"]
[Black "Jia, Haoxiang"]
[WhiteFideId "13306677"]
[BlackFideId "8602999"]
[WhiteElo "2557"]
[BlackElo "2630"]
[Result "1-0"]
[Round "02"]
[TimeControl "180+1"]
[Date "2022.07.05"]
[WhiteClock "0:00:27"]
[BlackClock "0:00:16"]

1. e4 c5 2. Nc3 Nc6 3. Nf3 g6 4. Bb5 Bg7 5. d3 e6 6. Bxc6 bxc6 7. e5 d5 8. O-O Ne7 9. Na4 Qa5 10. b3 c4 11. dxc4 O-O 12. Ba3 Re8 13. Re1 dxc4 14. Qd2 Qxd2 15. Nxd2 Ba6 16. Nc5 Rad8 17. Rad1 c3 18. Nde4 Rxd1 19. Rxd1 Bxe5 20. Nxa6 Nd5 21. Nac5 f5 22. Nd3 Bg7 23. Nd6 Rd8 24. Nc4 Nf4 25. Bc1 Ne2+ 26. Kf1 Nd4 27. Na3 e5 28. Be3 e4 29. Nf4 c5 30. Ne2 h6 31. Nb5 g5 32. Nbxd4 cxd4 33. Bxd4 Kf7 34. Ke1 Rc8 35. Bxg7 Kxg7 36. Rd5 Kf6 37. Nd4 f4 38. Rf5+ Kg6 39. Re5 e3 40. fxe3 fxe3 41. Rxe3 Rd8 42. Ne2 Rd2 43. Rxc3 Rd6 44. Rd3 Ra6 45. a4 Rc6 46. c4 Re6 47. c5 Re5 48. Rc3 Re7 49. c6 Rc7 50. Nd4 a6 51. b4 Kf6 52. b5 axb5 53. Nxb5 Ke5 54. Nxc7 1-0


[Site "https://www.chess.com"]

[Event "Titled Tuesday Blitz July 05 Early 2022"]
[White "Hansen, Sune Berg"]
[Black "Esipenko, Andrey"]
[WhiteFideId "1400266"]
[BlackFideId "24175439"]
[WhiteElo "2639"]
[BlackElo "2617"]
[Result "1-0"]
[Round "02"]
[TimeControl "180+1"]
[Date "2022.07.05"]
[WhiteClock "0:00:48"]
[BlackClock "0:00:12"]

1. Nf3 d5 2. g3 Nf6 3. Bg2 c5 4. O-O e6 5. d3 Nc6 6. Nbd2 g6 7. e4 Bg7 8. Re1 O-O 9. c3 b6 10. Nf1 dxe4 11. dxe4 Bb7 12. Qe2 Qc8 13. e5 Nd5 14. h4 Ba6 15. Qe4 Rd8 16. N1h2 Qc7 17. h5 Nde7 18. hxg6 hxg6 19. Ng4 Bd3 20. Qf4 Nd5 21. Nh6+ Kf8 22. Qh4 Nxe5 23. Ng5 Bf5 24. g4 Nxg4 25. Nxg4 Rac8 26. Nh6 Rd7 27. Nxf5 exf5 28. c4 Nf6 29. Bf4 Qd8 30. Nh7+ Kg8 31. Bg5 Rd6 32. Bd5 b5 33. Rad1 Qb6 34. Nxf6+ Bxf6 35. Qh6 Bg7 36. Bxf7+ Kxf7 37. Re7+ 1-0


[Site "https://www.chess.com"]

[Event "Titled Tuesday Blitz July 05 Early 2022"]
[White "Ibarra Jerez, Jose Carlos"]
[Black "Garcia Ramos, Daniel"]
[WhiteFideId "2226332"]
[BlackFideId "32010311"]
[WhiteElo "2628"]
[BlackElo "2268"]
[Result "1-0"]
[Round "02"]
[TimeControl "180+1"]
[Date "2022.07.05"]
[WhiteClock "0:00:04"]
[BlackClock "0:00:03"]

1. e4 c6 2. Nf3 d5 3. d3 Qc7 4. exd5 cxd5 5. c4 Nf6 6. Nc3 e6 7. g3 Nc6 8. Bg2 Bb4 9. O-O O-O 10. Nb5 Qd8 11. a3 Be7 12. Qe2 Bd7 13. Bf4 a6 14. Nc3 Rc8 15. Rfe1 Re8 16. Rac1 h6 17. b4 d4 18. Nb1 e5 19. Nxe5 Nxe5 20. Bxe5 Ng4 21. Qb2 Bg5 22. Bxd4 Bxc1 23. Rxc1 Bf5 24. Bxb7 Rc7 25. Bd5 Bxd3 26. Bxg7 Qg5 27. Bd4 Re2 28. Qc3 Bxb1 29. Rxb1 Nxf2 30. Bxf2 Qxd5 31. c5 Qf5 32. Rf1 Rd7 33. c6 Rc7 34. a4 Qe4 35. b5 axb5 36. axb5 Rc2 37. Qf6 Qd5 38. h4 h5 39. Qf4 Rb2 40. Qxc7 Rxb5 41. Qc8+ Kg7 42. c7 Rb2 43. Qd8 1-0


[Site "https://www.chess.com"]

[Event "Titled Tuesday Blitz July 05 Early 2022"]
[White "Jobava, Baadur"]
[Black "Bachmann, Axel"]
[WhiteFideId "13601520"]
[BlackFideId "3700488"]
[WhiteElo "2617"]
[BlackElo "2587"]
[Result "0-1"]
[Round "02"]
[TimeControl "180+1"]
[Date "2022.07.05"]
[WhiteClock "0:00:40"]
[BlackClock "0:00:17"]

1. b3 c5 2. Bb2 d6 3. g3 Nc6 4. Bg2 e5 5. e3 Nf6 6. Ne2 d5 7. O-O Be7 8. d4 cxd4 9. exd4 e4 10. c4 O-O 11. Nbc3 Bf5 12. Re1 Rc8 13. cxd5 Nb4 14. Nf4 Bd6 15. a3 Na6 16. Nh5 Nxh5 17. Qxh5 Bg6 18. Qd1 f5 19. f3 exf3 20. Qxf3 Qb6 21. Na4 Qa5 22. Re6 Rcd8 23. Rae1 Nc7 24. R6e2 f4 25. g4 h6 26. h4 Rf7 27. Kh2 Nxd5 28. Re8+ Rxe8 29. Rxe8+ Kh7 30. h5 Bc2 31. Rc8 Ne3 32. Nc3 Qg5 33. Bh3 Qh4 34. Ne4 Nxg4+ 35. Qxg4 Qxg4 36. Bxg4 Bxe4 37. Be6 f3+ 38. Kh3 f2 39. Bxf7 f1=Q+ 0-1


[Site "https://www.chess.com"]

[Event "Titled Tuesday Blitz July 05 Early 2022"]
[White "Jubin Jimmy"]
[Black "Kucuksari, Kaan"]
[WhiteFideId "46686614"]
[BlackFideId "6380166"]
[WhiteElo "2219"]
[BlackElo "2305"]
[Result "1-0"]
[Round "02"]
[TimeControl "180+1"]
[Date "2022.07.05"]
[WhiteClock "0:00:58"]
[BlackClock "0:00:03"]

1. d4 Nf6 2. c4 e6 3. Nc3 Bb4 4. Qc2 O-O 5. a3 Bxc3+ 6. Qxc3 b6 7. Bg5 h6 8. Bh4 Bb7 9. e3 d6 10. Ne2 c5 11. Rd1 Ne4 12. Bxd8 Nxc3 13. Nxc3 Rxd8 14. dxc5 bxc5 15. Nb5 Nc6 16. Nxd6 Rab8 17. Ne4 Ne5 18. Rxd8+ Rxd8 19. Nxc5 Ba8 20. f3 a5 21. Be2 Rc8 22. b4 axb4 23. axb4 Nc6 24. Nd3 Ne7 25. c5 Bc6 26. e4 Bb5 27. Ne5 Rb8 28. Bxb5 Rxb5 29. Nd3 Nc6 30. Kd2 Rb8 31. Kc3 e5 32. Rb1 f6 33. b5 Nd4 34. Kc4 Nc2 35. Kd5 Rd8+ 36. Kc6 Rxd3 37. Kb7 Rc3 38. c6 Na3 39. Rb4 Nc2 40. Ra4 Nd4 41. c7 Nxb5 42. c8=Q+ Rxc8 43. Kxc8 Kf7 44. Kd7 Kg6 45. Ke7 Nc3 46. Ra7 Nb5 47. Rd7 Nd4 48. Kf8 Ne6+ 49. Kg8 h5 50. Re7 Nf4 51. Rxg7+ Kh6 52. Kf7 h4 53. g3 hxg3 54. hxg3 Nh5 55. Rg6+ Kh7 56. Rg4 Kh6 57. Rh4 Kg5 58. Rxh5+ Kxh5 59. Kxf6 1-0


[Site "https://www.chess.com"]

[Event "Titled Tuesday Blitz July 05 Early 2022"]
[White "Kamsky, Gata"]
[Black "Nguyen, Quoc Hy"]
[WhiteFideId "2000024"]
[BlackFideId "12410853"]
[WhiteElo "2645"]
[BlackElo "1938"]
[Result "1-0"]
[Round "02"]
[TimeControl "180+1"]
[Date "2022.07.05"]
[WhiteClock "0:00:30"]
[BlackClock "0:00:01"]

1. e4 c5 2. Nf3 Nc6 3. d4 cxd4 4. Nxd4 Nf6 5. Nc3 e5 6. Ndb5 d6 7. Bg5 a6 8. Na3 b5 9. Nd5 Be7 10. Bxf6 Bxf6 11. c3 O-O 12. Nc2 Bg5 13. Be2 Be6 14. O-O Ne7 15. Nce3 Bxe3 16. Nxe3 d5 17. exd5 Nxd5 18. Nxd5 Bxd5 19. a4 Rb8 20. axb5 axb5 21. Qc1 Rb6 22. Qe3 Rg6 23. f3 Bc4 24. Bxc4 bxc4 25. Qxe5 Re8 26. Qd4 Qxd4+ 27. cxd4 h5 28. Rac1 h4 29. Rf2 h3 30. g3 Rd6 31. Rd2 Rc8 32. g4 Rb6 33. Kf2 g5 34. Kg3 Rh6 35. d5 Kf8 36. d6 Rd8 37. Rxc4 Rhxd6 38. Rxd6 Rxd6 39. Kxh3 Rb6 40. b4 Kg7 41. Kg3 Kg6 42. Re4 f5 43. gxf5+ Kxf5 44. Rc4 Rb8 45. Rc5+ Kf6 46. b5 Kg6 47. Kg4 Rh8 48. Rxg5+ Kf6 49. h4 Rc8 50. h5 Rc1 51. Rg6+ Kf7 52. b6 Rc4+ 53. f4 Rc1 54. Kg5 Rb1 55. Rf6+ Kg8 56. Rc6 1-0


[Site "https://www.chess.com"]

[Event "Titled Tuesday Blitz July 05 Early 2022"]
[White "Koziorowicz, Michal"]
[Black "Sjugirov, Sanan"]
[WhiteFideId "21809194"]
[BlackFideId "4189302"]
[WhiteElo "2202"]
[BlackElo "2609"]
[Result "1-0"]
[Round "02"]
[TimeControl "180+1"]
[Date "2022.07.05"]
[WhiteClock "0:02:05"]
[BlackClock "0:00:09"]

1. e4 c5 2. Nf3 Nc6 3. Bb5 e6 4. O-O Nge7 5. Re1 a6 6. Bf1 b6 7. c3 d5 8. exd5 Nxd5 9. d4 cxd4 10. Nxd4 Nxd4 11. Qxd4 Bb7 12. Nd2 Qf6 13. Qa4+ Kd8 14. Ne4 Qg6 15. c4 Bb4 16. cxd5 Bxe1 17. Bg5+ Kc8 18. Bf4 e5 19. Bxe5 1-0


[Site "https://www.chess.com"]

[Event "Titled Tuesday Blitz July 05 Early 2022"]
[White "Krysa, Leandro"]
[Black "Svane, Rasmus"]
[WhiteFideId "116807"]
[BlackFideId "4657101"]
[WhiteElo "2490"]
[BlackElo "2674"]
[Result "1-0"]
[Round "02"]
[TimeControl "180+1"]
[Date "2022.07.05"]
[WhiteClock "0:00:20"]
[BlackClock "0:00:02"]

1. Nf3 d5 2. g3 Nf6 3. Bg2 e6 4. O-O Be7 5. d3 O-O 6. Nbd2 Nc6 7. d4 Ne4 8. c3 f5 9. Ne1 e5 10. Ndf3 Bf6 11. Nd3 exd4 12. cxd4 Nxd4 13. Nxd4 Bxd4 14. Nf4 Be5 15. Nxd5 Be6 16. Bf4 Qxd5 17. Qxd5 Bxd5 18. Bxe5 c6 19. Rfd1 Rfe8 20. Bd4 Kf7 21. b4 b5 22. a4 Bb3 23. Rdc1 bxa4 24. Rxc6 Rec8 25. Rxc8 Rxc8 26. Bxa7 Nc3 27. Bf1 Ra8 28. Bd4 Nb5 29. Be5 Ke6 30. f4 a3 31. e4 Nd6 32. exf5+ Nxf5 33. b5 Bd5 34. b6 a2 35. Bg2 Bxg2 36. Kxg2 Ne3+ 37. Kf3 Ra3 38. b7 Nc2+ 39. Kg4 Ne3+ 40. Kg5 h6+ 41. Kg6 Rb3 42. b8=Q Rxb8 43. Bxb8 1-0


[Site "https://www.chess.com"]

[Event "Titled Tuesday Blitz July 05 Early 2022"]
[White "Lashkin, Jegor"]
[Black "Gubajdullin, Alexei"]
[WhiteFideId "13907808"]
[BlackFideId "4141202"]
[WhiteElo "2368"]
[BlackElo "2190"]
[Result "1-0"]
[Round "02"]
[TimeControl "180+1"]
[Date "2022.07.05"]
[WhiteClock "0:00:09"]
[BlackClock "0:00:18"]

1. d4 g6 2. c4 Bg7 3. Nc3 d6 4. e4 Nf6 5. Be2 O-O 6. Nf3 Na6 7. O-O e5 8. Be3 c6 9. d5 Ng4 10. Bg5 f6 11. Bc1 c5 12. Ne1 Nh6 13. Nd3 f5 14. exf5 gxf5 15. f3 Nb4 16. Nf2 Nf7 17. a3 Na6 18. Bd3 Qh4 19. g3 Qh5 20. f4 Qg6 21. Bd2 h5 22. Kh1 Nh6 23. fxe5 dxe5 24. Qe2 e4 25. Bc2 Ng4 26. Nh3 h4 27. Nf4 Qh7 28. gxh4 e3 29. Bxe3 Re8 30. Ne6 Bxe6 31. dxe6 Qxh4 32. Bxf5 Nxe3 33. Qxe3 Bd4 34. Qf3 Re7 35. Rae1 Kh8 36. Re4 Qh6 37. Nd5 Rg7 38. e7 Re8 39. Bd7 Qg5 40. Qh3+ 1-0


[Site "https://www.chess.com"]

[Event "Titled Tuesday Blitz July 05 Early 2022"]
[White "Lazavik, Denis"]
[Black "Chernobay, Artem"]
[WhiteFideId "13515110"]
[BlackFideId "4167406"]
[WhiteElo "2437"]
[BlackElo "2473"]
[Result "1-0"]
[Round "02"]
[TimeControl "180+1"]
[Date "2022.07.05"]
[WhiteClock "0:00:08"]
[BlackClock "0:00:02"]

1. d4 f5 2. Nf3 Nf6 3. g3 g6 4. Bg2 Bg7 5. O-O O-O 6. b3 d6 7. Bb2 c6 8. c4 a5 9. Nc3 Na6 10. Rc1 Qe8 11. Re1 e5 12. e4 fxe4 13. dxe5 dxe5 14. Nxe4 Nxe4 15. Rxe4 Nc5 16. Rxe5 Bxe5 17. Nxe5 Qd8 18. Qe1 Bf5 19. Qe3 Qd6 20. Ba3 Rfe8 21. Re1 Rad8 22. f4 b6 23. Bxc6 Rxe5 24. Qxe5 Qxc6 25. Bb2 Ne6 26. Qh8+ Kf7 27. Qxh7+ Ke8 28. Qh8+ Kd7 29. Rd1+ Kc7 30. Rxd8 Nxd8 31. Qe5+ Kc8 32. Bd4 Ne6 33. Be3 Bh3 34. Qd5 Qxd5 35. cxd5 Nc7 36. Bxb6 Nxd5 37. Bxa5 Kd7 38. Bd2 Nf6 39. Bc3 Ne4 40. Bd4 Kc6 41. a4 Kd5 42. Be3 Kc6 43. b4 Kd5 44. b5 Kc4 45. b6 Bc8 46. a5 Kb5 47. g4 Kxa5 48. h4 Ka6 49. h5 gxh5 50. gxh5 Bf5 51. h6 Kb7 52. Bd4 Kc6 53. Kg2 Nd6 54. Kg3 Nc4 55. Kh4 Nxb6 56. Kg5 Be4 57. Bxb6 Kxb6 58. f5 Bxf5 59. Kxf5 1-0


[Site "https://www.chess.com"]

[Event "Titled Tuesday Blitz July 05 Early 2022"]
[White "Lewtak, Damian"]
[Black "Moiseenko, Alexander"]
[WhiteFideId "1141724"]
[BlackFideId "14102560"]
[WhiteElo "2359"]
[BlackElo "2577"]
[Result "1/2-1/2"]
[Round "02"]
[TimeControl "180+1"]
[Date "2022.07.05"]
[WhiteClock "0:00:06"]
[BlackClock "0:00:05"]

1. e4 c5 2. Nf3 Nc6 3. Bb5 e6 4. Bxc6 bxc6 5. d3 Ne7 6. h4 d6 7. e5 Nf5 8. c3 Be7 9. h5 dxe5 10. g4 Nh4 11. Nxh4 Bxh4 12. Qf3 O-O 13. Qe3 Be7 14. g5 Ba6 15. c4 Qd4 16. Qxd4 cxd4 17. Nd2 c5 18. Ne4 f5 19. gxf6 gxf6 20. Bh6 Rf7 21. Ke2 Bb7 22. Rhg1+ Kh8 23. f3 a5 24. Rg2 Rg8 25. Rag1 Rxg2+ 26. Rxg2 a4 27. Rg1 f5 28. Nd2 Bf8 29. Bg5 h6 30. Bh4 Kh7 31. b3 axb3 32. axb3 Rg7 33. Ra1 Rg2+ 34. Bf2 Rg7 35. Bh4 Bd6 36. Kf2 Be7 37. Bxe7 Rxe7 38. Re1 e4 39. fxe4 f4 40. Ra1 e5 41. Ra5 Kg7 42. Rxc5 Kf6 43. Rb5 Bc8 44. Rb6+ Kg5 45. Nf3+ Kxh5 46. Rb5 Kg6 47. Nxe5+ Kf6 48. Nf3 Bg4 49. e5+ Kg6 50. Nxd4 Ra7 51. Rb6+ Kh5 52. e6 Ra2+ 53. Ke1 Ra1+ 54. Kd2 Ra2+ 55. Kc3 f3 56. e7 Ra8 57. Rf6 Kg5 58. Rf8 f2 59. Rxf2 Re8 60. Rf7 Kg6 61. Rf4 h5 62. Re4 Kf6 63. Re3 Rxe7 64. Rxe7 Kxe7 65. Kd2 h4 66. Ke3 h3 67. Kf2 Kd6 68. Kg3 Ke5 69. Nb5 Be2 70. d4+ Kf6 71. d5 Bg4 72. d6 Bd7 73. Nd4 Ke5 74. Nf3+ Kxd6 75. Ng5 Kc5 76. Nxh3 Kb4 77. Nf4 Kxb3 78. c5 Kc4 79. c6 Bxc6 1/2-1/2


[Site "https://www.chess.com"]

[Event "Titled Tuesday Blitz July 05 Early 2022"]
[White "Livaic, Leon"]
[Black "Zomorrodian, Eilia"]
[WhiteFideId "14531534"]
[BlackFideId "12551805"]
[WhiteElo "2540"]
[BlackElo "2098"]
[Result "1-0"]
[Round "02"]
[TimeControl "180+1"]
[Date "2022.07.05"]
[WhiteClock "0:00:39"]
[BlackClock "0:00:08"]

1. b3 Nf6 2. Bb2 g6 3. e4 Bg7 4. e5 Nd5 5. Nf3 O-O 6. g3 d6 7. Bg2 Nc6 8. d4 Bg4 9. h3 Bxf3 10. Bxf3 Nb6 11. c4 Nd7 12. Qe2 dxe5 13. Bxc6 bxc6 14. dxe5 Nc5 15. O-O Qd3 16. Re1 Rfd8 17. Nc3 Qxe2 18. Rxe2 Nd3 19. Na4 Nxb2 20. Nxb2 Rd4 21. Na4 Rad8 22. Nc5 Rd2 23. Rae1 e6 24. Kg2 Bf8 25. Ne4 Rxe2 26. Rxe2 Bb4 27. g4 Kg7 28. Re3 Rd4 29. f4 Rd1 30. a4 Ba5 31. Nf2 Rd2 32. Rd3 Rb2 33. Kf3 Rb1 34. g5 h6 35. h4 Be1 36. Ng4 Bxh4 37. Nxh6 Rf1+ 38. Kg4 Be1 39. Rd7 Bd2 40. Rxd2 1-0


[Site "https://www.chess.com"]

[Event "Titled Tuesday Blitz July 05 Early 2022"]
[White "Maksimovic, Bojan"]
[Black "Severino, Sander"]
[WhiteFideId "14408120"]
[BlackFideId "5204100"]
[WhiteElo "2453"]
[BlackElo "2408"]
[Result "0-1"]
[Round "02"]
[TimeControl "180+1"]
[Date "2022.07.05"]
[WhiteClock "0:00:03"]
[BlackClock "0:00:57"]

1. c4 e6 2. d4 d5 3. Nf3 Nf6 4. g3 c6 5. Bg2 Be7 6. O-O O-O 7. Qc2 Nbd7 8. Nbd2 b6 9. e4 Ba6 10. Re1 Rc8 11. e5 Ne8 12. cxd5 cxd5 13. Qb1 Qc7 14. Nf1 Qc2 15. Be3 Qxb1 16. Raxb1 Nc7 17. h4 h6 18. N1d2 Bd3 19. Rbc1 Na6 20. a3 b5 21. Bf1 Bxf1 22. Kxf1 Nb6 23. b4 Nc4 24. Nxc4 dxc4 25. d5 exd5 26. Bxa7 Nc7 27. Bb6 Ne6 28. Red1 Ra8 29. Rc3 Bd8 30. Be3 Nc7 31. Nd4 Re8 32. f4 f6 33. e6 Nxe6 34. Nxe6 Rxe6 35. Rxd5 Bb6 36. Bxb6 Rxb6 37. h5 Rba6 38. Rxb5 Rxa3 39. Rxa3 Rxa3 40. Kg2 Rb3 41. Kh3 c3 42. Rc5 Kf7 43. Rc7+ Ke6 44. Rxg7 Kd5 45. Kg4 Rxb4 46. Rd7+ Ke4 47. Rc7 Kd3 48. Rd7+ Rd4 49. Rc7 Rc4 50. Rd7+ Ke2 51. Re7+ Kf2 52. Ra7 c2 53. Ra2 Rc5 54. Rb2 f5+ 55. Kh4 Kf3 56. Rb3+ Ke4 57. Rb4+ Kd5 58. Rb3 c1=Q 59. Rd3+ Ke4 60. g4 Kxd3 61. gxf5 Qxf4+ 62. Kh3 Qxf5+ 0-1


[Site "https://www.chess.com"]

[Event "Titled Tuesday Blitz July 05 Early 2022"]
[White "Martinez Alcantara, Jose Eduardo"]
[Black "Prokofiev, Valentyn"]
[WhiteFideId "3805662"]
[BlackFideId "14160161"]
[WhiteElo "2703"]
[BlackElo "2142"]
[Result "1-0"]
[Round "02"]
[TimeControl "180+1"]
[Date "2022.07.05"]
[WhiteClock "0:00:22"]
[BlackClock "0:00:03"]

1. e4 c5 2. Nf3 e6 3. c3 Nf6 4. Bd3 d5 5. e5 Nfd7 6. Bc2 d4 7. Qe2 Nc6 8. O-O Be7 9. Re1 Qc7 10. Na3 a6 11. cxd4 cxd4 12. Bd3 b5 13. Nc2 Qb6 14. Be4 Bb7 15. Ncxd4 Ndxe5 16. Nxc6 Nxc6 17. d4 Nb4 18. Bg5 Bxe4 19. Qxe4 Ra7 20. Bxe7 Rxe7 21. a3 Nd5 22. Qh4 O-O 23. Rac1 Rc7 24. h3 Rfc8 25. Rxc7 Qxc7 26. Ng5 h6 27. Ne4 Qc2 28. Nd6 Rf8 29. b4 Qc3 30. Re4 Qxa3 31. Rg4 Qc1+ 32. Kh2 Kh8 33. Qg3 g5 34. Qe5+ Kg8 35. h4 Ne7 36. hxg5 Ng6 37. Qc5 hxg5 38. Qxc1 1-0


[Site "https://www.chess.com"]

[Event "Titled Tuesday Blitz July 05 Early 2022"]
[White "Melikyan, Gnel"]
[Black "Andreikin, Dmitry"]
[WhiteFideId "54109990"]
[BlackFideId "4158814"]
[WhiteElo "1772"]
[BlackElo "2736"]
[Result "0-1"]
[Round "02"]
[TimeControl "180+1"]
[Date "2022.07.05"]
[WhiteClock "0:00:39"]
[BlackClock "0:01:53"]

1. e4 c5 2. Nf3 e6 3. d4 cxd4 4. Nxd4 Nc6 5. Nc3 a6 6. Nxc6 bxc6 7. Bd3 d5 8. O-O Nf6 9. Qe2 Be7 10. Rd1 O-O 11. b3 Bb7 12. Bb2 Qc7 13. Na4 Rfd8 14. c4 dxe4 15. Bxe4 Nxe4 16. Qxe4 c5 17. Qg4 Bf8 18. Rxd8 Rxd8 19. Rd1 Qf4 20. Qxg7+ Bxg7 21. Rxd8+ Bf8 22. Nxc5 Bc6 23. Ba3 Qg4 24. Rxf8+ Kxf8 25. Nd7+ Kg7 26. Bb2+ f6 27. Bxf6+ Kh6 0-1


[Site "https://www.chess.com"]

[Event "Titled Tuesday Blitz July 05 Early 2022"]
[White "Melkumyan, Hrant"]
[Black "Karaev, Seit-Amet"]
[WhiteFideId "13302485"]
[BlackFideId "4169549"]
[WhiteElo "2604"]
[BlackElo "2272"]
[Result "1-0"]
[Round "02"]
[TimeControl "180+1"]
[Date "2022.07.05"]
[WhiteClock "0:00:50"]
[BlackClock "0:00:18"]

1. Nf3 Nf6 2. c4 g6 3. Nc3 Bg7 4. e4 d6 5. d4 O-O 6. Be2 c5 7. d5 a6 8. O-O b5 9. cxb5 axb5 10. Bxb5 Ba6 11. Re1 Qa5 12. a4 Bxb5 13. Nxb5 Nfd7 14. Bd2 Qb6 15. Bc3 f6 16. Nd2 Na6 17. Qg4 Ne5 18. Bxe5 fxe5 19. Nc4 Qd8 20. g3 Nb4 21. Re2 Kh8 22. b3 Na6 23. h4 Nc7 24. Nxc7 Qxc7 25. Rd1 Rab8 26. Rd3 Rf6 27. h5 gxh5 28. Qxh5 Rg8 29. Rf3 Rh6 30. Qf5 Bf6 31. Kg2 Rg5 32. Qe6 Rgh5 33. Rf5 Rh2+ 34. Kf3 Qb8 35. Re3 Bg5 36. Qf7 Bxe3 37. Nxe3 Qd8 38. Ng4 Rh1 39. Nxh6 Rxh6 40. Qf8+ Qxf8 41. Rxf8+ Kg7 42. Rb8 Rh1 43. Kg4 Rb1 44. Rb5 Kf6 45. a5 Rb2 46. f3 Rh2 47. f4 h5+ 48. Kf3 Ra2 49. Ke3 Rg2 50. Kf3 Ra2 51. f5 Ra3 52. Kg2 c4 53. bxc4 Kg5 54. c5 dxc5 55. Rxc5 Kg4 56. Kf2 Rf3+ 57. Ke2 Rxg3 58. f6 exf6 59. d6 Rb3 60. d7 Rb2+ 61. Kd3 Rb1 62. Kc2 Rb8 63. Rc8 1-0


[Site "https://www.chess.com"]

[Event "Titled Tuesday Blitz July 05 Early 2022"]
[White "Moussard, Jules"]
[Black "Janaszak, Dawid"]
[WhiteFideId "642908"]
[BlackFideId "1119206"]
[WhiteElo "2589"]
[BlackElo "2199"]
[Result "1-0"]
[Round "02"]
[TimeControl "180+1"]
[Date "2022.07.05"]
[WhiteClock "0:00:43"]
[BlackClock "0:00:02"]

1. e4 c5 2. Nf3 Nc6 3. c3 e5 4. Bc4 Nf6 5. d3 Be7 6. O-O O-O 7. Bg5 d6 8. Re1 Na5 9. Bb5 a6 10. Ba4 b5 11. Bc2 Nc6 12. Nbd2 Nh5 13. Be3 g6 14. a3 f5 15. exf5 Bxf5 16. d4 cxd4 17. cxd4 Bxc2 18. Qxc2 Rc8 19. dxe5 Nxe5 20. Qb3+ Nc4 21. a4 Qd7 22. Rad1 d5 23. Ne4 bxa4 24. Qa2 Qb5 25. Ned2 Bf6 26. Nxc4 Qxc4 27. Qa3 Rfd8 28. Bd4 Qb3 29. g4 Qxa3 30. bxa3 Bxd4 31. Rxd4 Nf6 32. Rxa4 Rc4 33. Rxa6 Rxg4+ 34. Kf1 Rf8 35. Ne5 Rf4 36. f3 Ng4 37. Nxg4 Rxg4 38. Kf2 Rgf4 39. Re3 R4f6 40. Ra5 d4 41. Rd3 Rf4 42. Rd5 Ra8 43. Kg3 Rf7 44. R5xd4 Rfa7 45. Rd8+ Kg7 46. Rxa8 Rxa8 47. f4 Kf6 48. Kg4 h5+ 49. Kf3 Ra4 50. Ke3 Kf5 51. Rd5+ Ke6 52. Rd3 Kf5 53. h3 g5 54. fxg5 Kxg5 55. Kd2 Kf4 56. Kc3 Ra8 57. Kb3 Ke4 58. Rg3 Kf4 59. Rc3 h4 60. a4 Rb8+ 61. Ka3 Rg8 62. a5 Rg3 63. Kb4 Rg1 64. a6 Rb1+ 65. Rb3 Ra1 66. Ra3 Rb1+ 67. Kc5 Rb8 68. a7 Rc8+ 69. Kb6 Rg8 70. a8=R Rxa8 71. Rxa8 1-0


[Site "https://www.chess.com"]

[Event "Titled Tuesday Blitz July 05 Early 2022"]
[White "Navarrete Mendez, Gonzalo Alberto"]
[Black "Dubov, Daniil"]
[WhiteFideId "5106850"]
[BlackFideId "24126055"]
[WhiteElo "2261"]
[BlackElo "2791"]
[Result "0-1"]
[Round "02"]
[TimeControl "180+1"]
[Date "2022.07.05"]
[WhiteClock "0:00:06"]
[BlackClock "0:00:07"]

1. e4 e5 2. Nf3 Nc6 3. Nc3 Nf6 4. Bb5 Nd4 5. O-O Nxb5 6. Nxb5 c6 7. Nc3 d6 8. d4 Qc7 9. Bg5 Be7 10. Qd3 h6 11. Bxf6 Bxf6 12. d5 O-O 13. Rfd1 Be7 14. Nxe5 dxe5 15. d6 Bxd6 16. Qxd6 Qxd6 17. Rxd6 Re8 18. Rad1 Kf8 19. f3 Ke7 20. Kf2 Be6 21. R6d2 Rh8 22. Ke3 g5 23. Na4 b6 24. b3 h5 25. c4 Rad8 26. Rxd8 Rxd8 27. Rxd8 Kxd8 28. g3 Ke7 29. f4 exf4+ 30. gxf4 Kf6 31. Nc3 h4 32. Ne2 Bd7 33. Nd4 g4 34. e5+ Kg6 35. Ne2 c5 36. Nc3 Bf5 37. Nd5 Bb1 38. a3 Ba2 39. Ne7+ Kh5 40. Nc6 Bxb3 41. Nxa7 Bxc4 42. Nc8 b5 43. Nd6 Bd5 44. f5 g3 45. hxg3 h3 46. e6 fxe6 47. f6 e5 48. Nxb5 h2 49. Nc3 h1=Q 50. f7 Qf3+ 51. Kd2 Bxf7 0-1


[Site "https://www.chess.com"]

[Event "Titled Tuesday Blitz July 05 Early 2022"]
[White "Perez Ponsa, Federico"]
[Black "Alinasab, Mobina"]
[WhiteFideId "117927"]
[BlackFideId "12528897"]
[WhiteElo "2672"]
[BlackElo "2031"]
[Result "1-0"]
[Round "02"]
[TimeControl "180+1"]
[Date "2022.07.05"]
[WhiteClock "0:00:06"]
[BlackClock "0:00:07"]

1. e4 c5 2. Nc3 e6 3. g3 d6 4. Bg2 Nc6 5. Nge2 Nge7 6. O-O a6 7. a4 g6 8. d4 cxd4 9. Nxd4 Bg7 10. Be3 O-O 11. Qd2 Qc7 12. Nb3 Ne5 13. Qe2 Nc4 14. Bc1 Nxb2 15. Bxb2 Bxc3 16. Bxc3 Qxc3 17. Rfd1 Rd8 18. Rd3 Qc7 19. Rad1 b5 20. axb5 axb5 21. Qd2 Ra6 22. Qh6 e5 23. Qd2 Be6 24. Rc3 Rc6 25. Rxc6 Qxc6 26. Bf1 Qxe4 27. Qg5 Qb7 28. Nc5 Qc7 29. Nxe6 fxe6 30. Qf6 b4 31. Qxe6+ Kg7 32. Bc4 Nf5 33. Qd5 Rc8 34. Bb3 Re8 35. Qe4 Rf8 36. Qxb4 Nd4 37. Rxd4 exd4 38. Qxd4+ Rf6 39. h4 Qc5 40. Qd2 Qe5 41. Bd5 h6 42. c4 Qa1+ 43. Kg2 Qa7 44. Qe2 Qc7 45. f4 Rf8 46. h5 gxh5 47. Qxh5 Qe7 48. Qg4+ Kh8 49. Qg6 Qf6 50. Qe4 Qg7 51. Qf3 Qh7 52. Be4 Qg7 53. Qd3 Qf6 54. Qb1 Qg7 55. Kf3 Re8 56. Qd3 Rg8 57. Kg2 Qf6 58. Qf3 Rf8 59. Bd3 Qb2+ 60. Kh3 Qg7 61. g4 Rg8 62. Bf5 Rf8 63. Qd5 Qf6 64. Qe4 Qc3+ 65. Kh4 Qf6+ 66. Kg3 Qc3+ 67. Kf2 Qb2+ 68. Kf3 Qc3+ 69. Ke2 Qb2+ 70. Ke3 Qf6 71. Qb7 Qf7 72. Qxf7 Rxf7 73. Ke4 Rf6 74. g5 hxg5 75. fxg5 Rf8 76. Be6 Kg7 77. Kd5 Rd8 78. Bf5 Rf8 79. Be4 Rf4 80. g6 Rg4 81. Bf5 Rh4 82. Be6 Rf4 83. Kxd6 Kf6 84. c5 Rd4+ 85. Bd5 Rd1 86. c6 Rc1 87. Be4 Rxc6+ 88. Kxc6 Kg7 89. Kd6 Kf6 90. Kd7 Kg7 91. Ke7 Kg8 92. Kf6 Kh8 93. g7+ 1-0


[Site "https://www.chess.com"]